 Dungeon Crawl Stone Soup version 0.25-a0-834-g55863b0b92 (webtiles) character file.

Game seed: 15016399674279765105, levelgen mode: deterministic

310 Arvaldir the Digger (level 6, 0/32 HPs)
             Began as a Gargoyle Earth Elementalist on Apr 23, 2020.
             Slain by a wraith (7 damage)
             ... in an ossuary.
             The game lasted 00:09:22 (3807 turns).

Arvaldir the Digger (Gargoyle Earth Elementalist)   Turns: 3807, Time: 00:09:23

Health: 0/32       AC:  8    Str:  9 (12) XL:     6   Next: 41%
Magic:  0/10       EV: 11    Int: 16 (19) God:
Gold:   259        SH:  0    Dex:  6 (10) Spells: 4/13 levels left

rFire    . . .     SeeInvis .   e - +4 dagger (drain)
rCold    . . .     Gourm    .   (no shield)
rNeg     + . .     Faith    .   c - +0 robe
rPois    ∞         Spirit   .   (no helmet)
rElec    +         Reflect  .   n - +0 cloak
rCorr    .         Harm     .   k - +0 pair of gloves
MR       .....                  (no boots)
Stlth    ++........             (no amulet)
HPRegen  0.10/turn              o - ring of flight
MPRegen  0.12/turn              (no ring)

@: brilliant, about to teleport, very slightly contaminated, slowed, very slow
A: clever 1, low mp 1, negative energy resistance 1, electricity resistance,
unbreathing, petrification resistance, rot immunity, AC +4
a: Evoke Flight


You were in an ossuary.
You were very hungry.

You visited 1 branch of the dungeon, and saw 4 of its levels.
You also visited: Ossuary.

You collected 259 gold pieces.

Inventory:

Hand Weapons
 e - a +4 dagger of draining (weapon)
 q - a +1 whip of venom
 s - a +0 mace
Missiles
 b - 155 stones (quivered)
Armour
 c - a +0 robe (worn)
 f - a +1 helmet
 j - a +1 hat
 k - a +0 pair of gloves (worn)
 n - a +0 cloak (worn)
Jewellery
 l - an uncursed ring of ice
 o - a ring of flight (left hand)
Wands
 i - a wand of polymorph (1)
Scrolls
 a - 3 scrolls of teleportation
 g - a scroll of holy word {unknown}
 m - 2 scrolls of remove curse
 u - a scroll of random uselessness {unknown}
Potions
 r - 2 potions of flight
 t - a potion of curing
Comestibles
 d - 7 rations


   Skills:
 - Level 1.5 Dodging
 - Level 2.1 Stealth
 + Level 4.0 Spellcasting
 + Level 3.2 Conjurations
   Level 0.7 Transmutations
 + Level 5.8 Earth Magic


You had 4 spell levels left.
You knew the following spells:

 Your Spells              Type           Power        Failure   Level  Hunger
a - Sandblast             Erth           ####..       1%          1    None
b - Stone Arrow           Conj/Erth      ####..       8%          3    None
c - Lee's Rapid Deconstr  Erth           ####......   38%         5    None

Your spell library contained the following spells:

 Spells                   Type           Power        Failure   Level  Hunger
 Passwall                 Tmut/Erth      ###.....     7%          2    None
 Petrify                  Tmut/Erth      ###.....     41%         4    None


Dungeon Overview and Level Annotations

Branches:
Dungeon (4/15)            Ossuary (1/1)
 Temple: D:4-7

Altars:
Fedhas
Gozag
Hepliaklqana
Ru
Zin


Innate Abilities, Weirdness & Mutations

You are resistant to torment.
Your stone body is resilient. (AC +4)
You are immune to poison.
You resist negative energy. (rN+)
You are resistant to electric shocks. (rElec)
You can survive without breathing.
You are immune to petrification.
You are immune to rotting.
Your mind is acute. (Int +2)
Your magical capacity is low. (-10% MP)


Message History

Press: ? - help, Shift-Dir - straight line, f/p - wraith
Aim: a wraith (moderately damaged, not susceptible)
Okay, then.
Unknown command.
Casting: Sandblast (safe; 1% risk of failure)
Confirm with . or Enter, or press ? or * to list all spells.
Aiming: Sandblast (safe; 1% risk of failure)
Press: ? - help, Shift-Dir - straight line, f/p - wraith
Aim: a wraith (moderately damaged)
You feel a surge of power!
The blast of sand hits the wraith but does no damage.
The wraith is moderately damaged.
b - 155 stones The wraith misses you.
As you read the scroll of teleportation, it crumbles to dust.
You feel strangely unstable. The wraith hits you.
* * * LOW HITPOINT WARNING * * *
The wraith closely misses you. The wraith hits you!
You die...

#^.#'#..#+#..#'#..#'#..#'
#..#.#..#^#..#.#..#.#..#.
#.......^................
#.......^................
#..####......###..^...###
#..#.'...8...# #...8...+
#^.####......#+#.^....###
#............#.#.........
#.......@...........^....
#..####W####.....####.###
#..#?'..# +...8...+ #.^+
#..####.####.....####.###
#........^.............^.
#.......^....#.#.........
#..####......#+#......###
#..#.'...8..^# #.^.8...+
#..####......###......###


You could see a wraith.

Vanquished Creatures
  A big kobold (D:3)
  Terence (D:3)
  Ijyb (D:2)
  A big kobold zombie (Ossuary)
  A mummy (Ossuary)
  4 adders
  3 oozes
  3 worms
  3 dart slugs
  2 leopard geckos
  5 bats
  A giant cockroach (D:1)
  2 gnoll zombies (Ossuary)
  6 hobgoblins
  14 jackals
  15 kobolds
  2 quokkas
  5 frilled lizards
  16 goblins
  3 goblin zombies (Ossuary)
  3 hobgoblin zombies (Ossuary)
  A jackal skeleton (D:3)
  2 kobold zombies (Ossuary)
  7 rats
  A plant (D:1)
103 creatures vanquished.

Notes
Turn   | Place    | Note
-------+----------+-------------------------------------------
     0 | D:1      | Arvaldir the Gargoyle Earth Elementalist began the quest
                  | for the Orb.
     0 | D:1      | Reached XP level 1. HP: 10/10 MP: 3/3
   162 | D:1      | Reached skill level 4 in Earth Magic
   162 | D:1      | Reached XP level 2. HP: 15/15 MP: 0/5
   543 | D:1      | Reached XP level 3. HP: 15/19 MP: 4/6
   548 | D:1      | Learned a level 3 spell: Stone Arrow
  1639 | D:2      | Found a blossoming altar of Fedhas.
  1656 | D:2      | Found a glowing silver altar of Zin.
  1675 | D:2      | Found an opulent altar of Gozag.
  1764 | D:2      | Reached skill level 1 in Conjurations
  1772 | D:2      | Reached XP level 4. HP: 17/24 MP: 8/8
  2052 | D:2      | Found a sacrificial altar of Ru.
  2110 | D:2      | Noticed Ijyb
  2169 | D:2      | Killed Ijyb
  2169 | D:2      | Reached skill level 5 in Earth Magic
  2169 | D:2      | Reached XP level 5. HP: 10/28 MP: 3/10
  2441 | D:3      | Learned a level 5 spell: Lee's Rapid Deconstruction
  2464 | D:3      | Gained mutation: You are frail. (-10% HP) [potion of
                  | mutation]
  2464 | D:3      | Gained mutation: You have a pair of small antennae on your
                  | head. [potion of mutation]
  2465 | D:3      | Lost mutation: You have a pair of small antennae on your
                  | head. [potion of mutation]
  2465 | D:3      | Lost mutation: You are frail. (-10% HP) [potion of
                  | mutation]
  2465 | D:3      | Gained mutation: You are agile. (Dex +2) [potion of
                  | mutation]
  2465 | D:3      | Gained mutation: You are dopey. (Int -2) [potion of
                  | mutation]
  2465 | D:3      | Gained mutation: Your body sometimes deteriorates upon
                  | taking damage. [potion of mutation]
  2465 | D:3      | Gained mutation: Your large and strong wings let you fly
                  | indefinitely. [potion of mutation]
  2599 | D:3      | Noticed a big kobold
  2777 | D:3      | Killed a big kobold
  2777 | D:3      | Reached XP level 6. HP: 24/32 MP: 11/11
  3033 | D:3      | Found a hazy altar of Hepliaklqana.
  3049 | D:3      | Noticed Terence
  3069 | D:3      | Killed Terence
  3328 | D:4      | Found a sand-covered staircase.
  3343 | Ossuary  | Entered an ossuary
  3343 | Ossuary  | Noticed a wraith
  3343 | Ossuary  | Noticed a wraith
  3343 | Ossuary  | Noticed a wraith
  3743 | Ossuary  | Lost mutation: Your large and strong wings let you fly
                  | indefinitely. [potion of mutation]
  3743 | Ossuary  | Lost mutation: You are dopey. (Int -2) [potion of mutation]
  3743 | Ossuary  | Lost mutation: Your body sometimes deteriorates upon taking
                  | damage. [potion of mutation]
  3743 | Ossuary  | Lost mutation: You are agile. (Dex +2) [potion of mutation]
  3743 | Ossuary  | Gained mutation: Your magical capacity is low. (-10% MP)
                  | [potion of mutation]
  3743 | Ossuary  | Gained mutation: Your mind is acute. (Int +2) [potion of
                  | mutation]
  3791 | Ossuary  | Noticed a wraith
  3807 | Ossuary  | Slain by a wraith

Levels and vault maps discovered:
D:1:      saegor_arrival_under_anarchy, layout_loops_corners, serial_bayou,
          serial_bayou_ford_a, serial_bayou_shore_b, serial_bayou_pond_c,
          serial_bayou_lagoon_a
D:2:      kennysheep_the_goblin_king, layout_basic, zin_statuary,
          nicolae_gozag_seed_capital, lemuel_coloured_pillars_altar,
          fedhas_ov_isle_minmay
D:3:      cheibrodos_thug_alley, layout_basic, nicolae_overflow_crystal_walls,
          minivault_11, kennysheep_pointless_box, uniq_terence
D:4:      minmay_polygon_palace, layout_cave_pools, kennysheep_mini_moat,
          lemuel_blue_sif_altar, minmay_temple_entry_trees,
          nicolae_ossuary_entry_ruins, serial_column_ruins,
          column_ruins_courtyard_long_water, column_ruins_hut_ruined,
          column_ruins_columns_straight, column_ruins_open_tiny,
          column_ruins_corridor_dead_end
Ossuary:  ossuary_kennysheep_city_of_the_dead

Skill      XL: |  1  2  3  4  5  6 |
---------------+-------------------+-----
Earth Magic    | 4 5 |  5.8
Conjurations   | 1 2 3 |  3.2
Spellcasting   | 3 4 |  4.0
Dodging        | |  1.5
Stealth        | |  2.1
Transmutations | |  0.7

Action                   |  1- 3 |  4- 6 || total
-------------------------+-------+-------++-------
Melee: Unarmed           |     2 |    26 ||    28
       Dagger            |   274 |    97 ||   371
       Whip              |    26 |   129 ||   155
 Cast: Sandblast         |    16 |    18 ||    34
       Stone Arrow       |       |     2 ||     2
  Use: Scroll            |       |     9 ||     9
       Potion            |       |     6 ||     6
 Stab: Sleeping          |     3 |     2 ||     5
       Distracted        |       |     1 ||     1
  Eat: Ration            |     1 |       ||     1
       Chunk             |       |     6 ||     6
Armor: Robe              |    68 |    74 ||   142
Dodge: Dodged            |   100 |   180 ||   280

Table legend:
 A = Non-vault XP
 B = Vault XP
 C = Vault XP percentage of total XP
 D = Non-vault monster count
 E = Vault monster count
 F = Vault count percentage of total count
                 A         B        C        D         E       F
            +---------+---------+-------+---------+---------+-------
      Total |     198 |     245 |  55.3 |      71 |      31 |  30.4
            +---------+---------+-------+---------+---------+-------
        D:1 |      43 |       0 |   0.0 |      22 |       0 |   0.0
        D:2 |     105 |      46 |  30.5 |      32 |       7 |  17.9
        D:3 |      29 |     146 |  83.4 |      13 |      12 |  48.0
        D:4 |      21 |       0 |   0.0 |       4 |       0 |   0.0
    Ossuary |       0 |      53 | 100.0 |       0 |      12 | 100.0
            +---------+---------+-------+---------+---------+-------
